 Dungeon Crawl Stone Soup version bcrawl-1.19.1 (webtiles) character file.

Game seed: 17257891694444447004

147 Revguard the Insei (level 5, -4/41 HPs)
             Began as a Draconian Transmuter on Nov 27, 2019.
             Slain by an iguana (9 damage)
             ... on level 4 of the Dungeon.
             The game lasted 00:10:23 (3443 turns).

Revguard the Insei (Draconian Transmuter)           Turns: 3443, Time: 00:10:24

Health: -4/41      AC:  5    Str: 12    XL:     5   Next: 8%
Magic:  7/9        EV: 12    Int: 14    God:
Gold:   161        SH:  0    Dex: 12    Spells: 3/9 levels left

rFire    . . .     SeeInvis .     - Unarmed
rCold    . . .     Gourm    .   (no shield)
rNeg     . . .     Faith    .   (armour unavailable)
rPois    .         Spirit   .   (helmet restricted)
rElec    .         Reflect  .   (no cloak)
rCorr    .         Harm     .   (no gloves)
MR       .....                  (no boots)
Stlth    +.........             e - amulet of the acrobat
HPRegen  0.13/turn              (no ring)
MPRegen  0.11/turn              (no ring)

@: appendage
A: unfitting armour, horns 2, cold-blooded, AC +5
a: End Transformation


You were on level 4 of the Dungeon.
You were not hungry.
You had grown temporary horns.
You visited 1 branch of the dungeon, and saw 4 of its levels.

You collected 161 gold pieces.

Inventory:

Missiles
 a - 505 arrows (quivered)
 j - a throwing net {!f}
Jewellery
 e - an amulet of the acrobat (around neck)
 f - a +6 amulet of reflection {unknown}
Scrolls
 b - a scroll of blinking {unknown}
 g - 3 scrolls of identify {unknown}
 i - a scroll of teleportation {unknown}
 l - a scroll of magic mapping {unknown}
 o - 2 scrolls of enchant armour {unknown}
Potions
 c - a potion of lignification
 h - a potion of brilliance {unknown}
 k - a potion of heal wounds {unknown}
 m - a potion of degeneration {unknown}
 p - 2 potions of agility
 q - a potion of mutation {unknown}
Comestibles
 d - 3 rations {!d}


   Skills:
 * Level 2.2 Fighting
 + Level 2.3 Dodging
 + Level 4.0 Unarmed Combat
 + Level 2.7 Spellcasting
 + Level 2.7 Transmutations
 * Level 0.9 Poison Magic


You had 3 spell levels left.
You knew the following spells:

 Your Spells              Type           Power        Failure   Level  Hunger
a - Beastly Appendage     Tmut           #.....       7%          1    #......
b - Sticks to Snakes      Tmut           #.......     11%         2    ###....
c - Spider Form           Tmut/Pois      #..          30%         3    ###....

Your spell library contained the following spells:

 Spells                   Type           Power        Failure   Level  Hunger
 Ice Form                 Ice/Tmut       #.......     77%         4    #####..
 Blade Hands              Tmut           #.........   89%         5    ######.


Dungeon Overview and Level Annotations

Branches:
Dungeon (4/12)
 Temple: D:4-7

Altars:
Hepliaklqana
Ru
Yredelemnul
The Shining One


Innate Abilities, Weirdness & Mutations

Your plain brown scales are hard. (AC +5)
You cannot fit into any form of body armour.
You are cold-blooded and may be slowed by cold attacks.
You have a pair of horns on your head.


Message History

The iguana bites your ball python!
Your ball python dies!
The iguana hisses angrily.
You hit the iguana.
The iguana is severely wounded.
The iguana bites you.
Casting: Sticks to Snakes (safe; 11% risk of failure)
Confirm with . or Enter, or press ? or * to list all spells.
You grow a pair of large bovine horns.
The iguana bites you!
You hit the iguana but do no damage.
The iguana is severely wounded.
The iguana closely misses you.
You barely miss the iguana. Your headbutt misses the iguana.
The iguana is severely wounded.
The iguana bites you!
* * * LOW HITPOINT WARNING * * *
You hit the iguana but do no damage.
The iguana is severely wounded.
The iguana bites you!
You die...

#.# #.# #.# #.# #.# ##
#$# #######
.#...##.####.....# ####
......l@.....#######..#
##...##.............###
## #############.# #.#
#.#### #..... ######


You could see an iguana.

Vanquished Creatures
  An adder (D:3)
  2 oozes (D:1)
  A worm (D:1)
  2 dart slugs
  4 leopard geckos
  4 orcs
  2 giant cockroaches
  8 hobgoblins
  11 jackals (D:3)
  10 kobolds
  A quokka (D:3)
  5 bats (D:1)
  6 goblins
  5 rats
  A spectral orc (D:3)
63 creatures vanquished.

Vanquished Creatures (collateral kills)
  An ogre (D:4)
  A leopard gecko (D:1)
  An orc (D:3)
  A kobold (D:1)
4 creatures vanquished.

Grand Total: 67 creatures vanquished

Notes
Turn   | Place    | Note
-------+----------+-------------------------------------------
     0 | D:1      | Revguard the Draconian Transmuter began the quest for the
                  | Orb.
     0 | D:1      | Reached XP level 1. HP: 16/16 MP: 3/3
    70 | D:1      | Reached XP level 2. HP: 19/23 MP: 3/5
   146 | D:1      | Learned a level 2 spell: Sticks to Snakes
   509 | D:1      | Reached XP level 3. HP: 20/28 MP: 4/6
  1336 | D:2      | Found a sacrificial altar of Ru.
  1341 | D:2      | Learned a level 3 spell: Spider Form
  1973 | D:3      | Found a basalt altar of Yredelemnul.
  2079 | D:3      | Reached XP level 4. HP: 12/36 MP: 3/7
  2610 | D:3      | Found a hazy altar of Hepliaklqana.
  3152 | D:3      | Found a glowing golden altar of the Shining One.
  3320 | D:4      | Noticed an ogre
  3337 | D:4      | Killed an ogre
  3337 | D:4      | Reached skill level 4 in Unarmed Combat
  3337 | D:4      | Reached XP level 5. HP: 41/41 MP: 0/9
  3443 | D:4      | Slain by an iguana

Skill      XL: |  1  2  3  4 |
---------------+-------------+-----
Dodging        | 2 |  2.3
Fighting       | 2 |  2.2
Unarmed Combat | 4 |  4.0
Spellcasting   | |  2.7
Transmutations | |  2.7
Poison Magic   | |  0.9

Action                   |  1- 3 |  4- 6 || total
-------------------------+-------+-------++-------
Melee: Unarmed           |   148 |    83 ||   231
       Headbutt          |     5 |     2 ||     7
       Kick              |    14 |     5 ||    19
       Tailslap          |    10 |     7 ||    17
       Punch             |       |     2 ||     2
 Cast: Beastly Appendage |    19 |     9 ||    28
       Sticks to Snakes  |     6 |     5 ||    11
       Spider Form       |     1 |     2 ||     3
  Eat: Chunk             |     3 |     4 ||     7
       Ration            |       |     1 ||     1
Armor: Skin              |    25 |    26 ||    51
Dodge: Dodged            |   141 |    87 ||   228
